 Dungeon Crawl Stone Soup version 0.29-a0-330-g52719c12eb (webtiles) character file.

Game seed: 7816147531010040179

79 Crownlay the Chiller (level 4, -1/32 HPs)
             Began as a Gnoll Ice Elementalist on May 8, 2022.
             Succumbed to a gnoll's poison
             ... on level 2 of the Dungeon.
             The game lasted 00:02:13 (2270 turns).

Crownlay the Chiller (Gnoll Ice Elementalist)       Turns: 2270, Time: 00:02:14

Health: -1/32      AC:  9    Str:  8    XL:     4   Next: 38%
Magic:  3/11       EV: 13    Int: 16    God:
Gold:   113        SH:  0    Dex: 12    Spells: 6/13 levels left

rFire   . . .      SeeInvis .     - Unarmed
rCold   . . .      Faith    .   (no shield)
rNeg    . . .      Spirit   .   a - +0 robe
rPois   .          Reflect  .   (no helmet)
rElec   .          Harm     .   (no cloak)
rCorr   .          Rampage  .   (no gloves)
Will    .....                   (no boots)
Stlth   ++........              (no amulet)
HPRegen 0.10/turn               (no ring)
MPRegen 0.12/turn               (no ring)

@: lethally poisoned (-1 -> -7), ice-armoured
A: fangs 1, strong nose, distributed training, sense surroundings 1
a: no special abilities


You were on level 2 of the Dungeon.
You visited 1 branch of the dungeon, and saw 2 of its levels.

You collected 113 gold pieces.

Inventory:

Armour
 a - a +0 robe (worn)
Scrolls
 c - 2 scrolls of fear {unknown}
 f - a scroll of silence {unknown}
 i - 2 scrolls of enchant armour {unknown}
 j - a scroll of identify {unknown}
Potions
 b - a potion of magic
 d - a potion of mutation
 e - a potion of brilliance {unknown}
 g - a potion of cancellation {unknown}
 h - a potion of curing {unknown}


   Skills:
 + Level 1.1 Fighting
 + Level 1.1 Short Blades
 + Level 1.1 Long Blades
 + Level 1.1 Axes
 + Level 1.1 Maces & Flails
 + Level 1.1 Polearms
 + Level 1.1 Staves
 + Level 1.1 Slings
 + Level 1.1 Bows
 + Level 1.1 Crossbows
 + Level 1.1 Throwing
 + Level 1.1 Armour
 + Level 4.6 Dodging
 + Level 4.2 Stealth
 + Level 1.1 Shields
 + Level 1.1 Unarmed Combat
 + Level 5.1 Spellcasting
 + Level 0.9 Conjurations
 + Level 0.9 Hexes
 + Level 0.9 Summonings
 + Level 0.9 Necromancy
 + Level 0.9 Translocations
 + Level 0.9 Transmutations
 + Level 0.9 Fire Magic
 + Level 7.1 Ice Magic
 + Level 0.9 Air Magic
 + Level 0.9 Earth Magic
 + Level 0.9 Poison Magic
 + Level 1.2 Invocations
 + Level 1.1 Evocations


You had 6 spell levels left.
You knew the following spells:

 Your Spells              Type           Power      Damage    Failure   Level
a - Freeze                Ice            100%       1d11      1%          1
b - Frozen Ramparts       Ice            52%        1d7       2%          3
c - Ozocubu's Armour      Ice            26%        N/A       2%          3

Your spell library contained the following spells:

 Spells                   Type           Power      Damage    Failure   Level
 Hailstorm                Conj/Ice       17%        3d6       28%         4


Dungeon Overview and Level Annotations

Branches:
Dungeon (2/15)

Altars:


Innate Abilities, Weirdness & Mutations

You have very sharp teeth.
Your uncanny sense of smell can sniff out nearby items.
Your experience applies equally to all skills.
You passively map a small area around you.


Message History

You freeze the gnoll!
The gnoll is severely wounded.
The gnoll hits you with a +0 spear of venom.
You are poisoned.
The gnoll hits you with a +0 spear!
You freeze the gnoll!
You kill the gnoll!
You feel very sick. The gnoll misses you.
You are too injured to fight recklessly!
You are too injured to fight recklessly!
You are too injured to fight recklessly!
Casting: Freeze (safe; 1% risk of failure)
Confirm with . or Enter, or press ? or * to list all spells.
A film of ice covers your body!
You feel very sick. The gnoll hits you with a +0 spear.
* * * LOW HITPOINT WARNING * * *
Casting: Ozocubu's Armour (dangerous; 2% risk of failure)
Confirm with . or Enter, or press ? or * to list all spells.
Aiming: Freeze (safe; 1% risk of failure)
Press: ? - help, Shift-Dir - straight line, f - gnoll
Aim: a gnoll, wielding a +0 spear You freeze the gnoll!
The gnoll is almost dead.
* * * LOW HITPOINT WARNING * * *
You feel sick. The gnoll hits you with a +0 spear.
* * * LOW HITPOINT WARNING * * *
Casting: Freeze (safe; 1% risk of failure)
Confirm with . or Enter, or press ? or * to list all spells.
Aiming: Freeze (safe; 1% risk of failure)
Press: ? - help, Shift-Dir - straight line, f/p - gnoll
Aim: a gnoll, wielding a +0 spear (almost dead)
You freeze the gnoll!
You kill the gnoll!
* * * LOW HITPOINT WARNING * * *
You feel sick.
It was a potion of mutation.
You feel extremely strange.
You feel a strange attunement to the structure of the dungeons.
You die...

#...♣♣..♣♣..♣..P.
##..♣♣♣...♣.♣♣♣.♣..
#..♣...♣...♣ # . *
#.♣.....♣.♣... # ,
#.♣♣♣#.♣♣.♣♣♣... ,
#...#+#.......♣ .
#.♣##.##.P♣♣♣♣..P,
#♣♣#)/)#.♣.......
♣##@##♣..♣♣§♣♣
♣♣P#'#♣.♣♣.♣..
♣.P[#♣.♣♣..§≈♣
#P.♣P....§.♣P§P
#.......#§§.P§..
#♣♣##.♣## #.§♣.#
#... ..,# ###... ∆
##...**


There were no monsters in sight!

Vanquished Creatures
  An adder (D:2)
  2 gnolls (D:2)
  A worm (D:2)
  A dart slug (D:1)
  7 endoplasms
  7 goblins
  2 hobgoblins (D:1)
  3 jackals (D:1)
  4 quokkas (D:2)
  A ball python (D:1)
  4 bats
  3 frilled lizards (D:1)
  4 kobolds (D:1)
  3 rats (D:1)
43 creatures vanquished.

Vanquished Creatures (others)
  18 plants (D:2)
18 creatures vanquished.

Grand Total: 61 creatures vanquished

Notes
Turn   | Place    | Note
-------+----------+-------------------------------------------
     0 | D:1      | Crownlay the Gnoll Ice Elementalist began the quest for the
                  | Orb.
     0 | D:1      | Reached XP level 1. HP: 13/13 MP: 6/6
   219 | D:1      | Reached XP level 2. HP: 10/19 MP: 3/7
   926 | D:1      | Reached XP level 3. HP: 18/25 MP: 3/9
   927 | D:1      | Reached skill level 5 in Spellcasting
  1817 | D:2      | Reached skill level 1 in Invocations
  1882 | D:2      | Learned a level 3 spell: Frozen Ramparts
  1886 | D:2      | Learned a level 3 spell: Ozocubu's Armour
  1919 | D:2      | Reached skill level 1 in Fighting
  1919 | D:2      | Reached skill level 1 in Short Blades
  1919 | D:2      | Reached skill level 1 in Long Blades
  1919 | D:2      | Reached skill level 1 in Axes
  1919 | D:2      | Reached skill level 1 in Maces & Flails
  1919 | D:2      | Reached skill level 1 in Polearms
  1919 | D:2      | Reached skill level 1 in Staves
  1919 | D:2      | Reached skill level 1 in Slings
  1919 | D:2      | Reached skill level 1 in Bows
  1919 | D:2      | Reached skill level 1 in Crossbows
  1919 | D:2      | Reached skill level 1 in Throwing
  1919 | D:2      | Reached skill level 1 in Armour
  1919 | D:2      | Reached skill level 1 in Shields
  1919 | D:2      | Reached skill level 1 in Unarmed Combat
  1919 | D:2      | Reached skill level 1 in Evocations
  2156 | D:2      | Reached XP level 4. HP: 28/32 MP: 9/11
  2269 | D:2      | HP: 1/32 [poisoned by a gnoll]
  2270 | D:2      | Gained mutation: You passively map a small area around you.
                  | [potion of mutation]
  2270 | D:2      | Succumbed to a gnoll's poison

Illustrated notes

Levels and vault maps discovered:
D:1:      lemuel_arrival_river_passageway, layout_basic
D:2:      wad_woods_tower, layout_basic

Skill      XL: |  1  2  3 |
---------------+----------+-----
Spellcasting   | 5 |  5.1
Invocations    | 1 |  1.2
Fighting       | 1 |  1.1
Short Blades   | 1 |  1.1
Long Blades    | 1 |  1.1
Axes           | 1 |  1.1
Maces & Flails | 1 |  1.1
Polearms       | 1 |  1.1
Staves         | 1 |  1.1
Slings         | 1 |  1.1
Bows           | 1 |  1.1
Crossbows      | 1 |  1.1
Throwing       | 1 |  1.1
Armour         | 1 |  1.1
Shields        | 1 |  1.1
Unarmed Combat | 1 |  1.1
Evocations     | 1 |  1.1
Dodging        | |  4.6
Stealth        | |  4.2
Conjurations   | |  0.9
Hexes          | |  0.9
Summonings     | |  0.9
Necromancy     | |  0.9
Translocations | |  0.9
Transmutations | |  0.9
Fire Magic     | |  0.9
Ice Magic      | |  7.1
Air Magic      | |  0.9
Earth Magic    | |  0.9
Poison Magic   | |  0.9

Action                   |  1- 3 |  4- 6 || total
-------------------------+-------+-------++-------
Melee: Unarmed           |     9 |     1 ||    10
 Cast: Freeze            |    55 |     7 ||    62
       Ozocubu's Armour  |       |     1 ||     1
  Use: Potion            |       |     1 ||     1
Armor: Robe              |     7 |     1 ||     8
Dodge: Dodged            |    25 |     6 ||    31

Table legend: (Time is in decaauts)
 A = Elapsed time spent in this place.
 B = Non-inter-level travel time spent in this place.
 C = Inter-level travel time spent in this place.
 D = Time resting spent in this place.
 E = Time spent auto-exploring this place.
 F = Levels seen in this place.
 G = Mean time per level.
                   A        B        C        D        E       F      G
               +--------+--------+--------+--------+--------+-----+--------+
         Total |   2281 |   2272 |      9 |      0 |   2027 |   2 | 1140.5 |
       Dungeon |   2281 |   2272 |      9 |      0 |   2027 |   2 | 1140.5 |
               +--------+--------+--------+--------+--------+-----+--------+

Top non-repeatable levels by time:
     D:1: 1786 daAuts
     D:2: 495 daAuts
